 Dungeon Crawl Stone Soup version 0.22-a0-247-gbddf880757 (webtiles) character file.

18 Peterchen the Chopper (level 2, -1/26 HPs)
             Began as a Minotaur Berserker on Feb 24, 2018.
             Was a Follower of Trog.
             Slain by a dart slug (3 damage)
             ... on level 1 of the Dungeon.
             The game lasted 00:01:22 (166 turns).

Peterchen the Chopper (Minotaur Berserker)           Turns: 166, Time: 00:01:23

Health: -1/26      AC:  2    Str: 21    XL:     2   Next: 51%
Magic:  1/1        EV: 12    Int:  4    God:    Trog [*.....]
Gold:   16         SH:  0    Dex:  9    Spells: 1/1 levels left

rFire    . . .     SeeInvis .   a - +0 hand axe
rCold    . . .     Gourm    .   (no shield)
rNeg     . . .     Faith    .   b - +0 animal skin
rPois    .         Spirit   .   (helmet restricted)
rElec    .         Reflect  .   (no cloak)
rCorr    .         Harm     .   (no gloves)
MR       .....                  (no boots)
Stlth    +.........             (no amulet)
HPRegen  0.08/turn              (no ring)
MPRegen  0.07/turn              (no ring)

@: berserk cooldown, slowed, very slow
A: retaliatory headbutt, horns 2
a: Berserk, Renounce Religion


You were on level 1 of the Dungeon.
You worshipped Trog.
Trog was aware of your devotion.
You were not hungry.

You visited 1 branch of the dungeon, and saw 1 of its levels.

You collected 16 gold pieces.

Inventory:

Hand Weapons
 a - a +0 hand axe (weapon)
Armour
 b - a +0 animal skin (worn)
Scrolls
 e - a scroll of enchant armour {unknown}
Comestibles
 c - 2 rations
 d - 7 chunks of flesh


   Skills:
 - Level 3.6 Fighting
 * Level 4.7 Axes
 - Level 2.4 Armour
 - Level 2.1 Dodging


You had one spell level left.
You didn't know any spells.

Dungeon Overview and Level Annotations

Branches:
Dungeon (1/15)

Altars:


Innate Abilities, Weirdness & Mutations

You reflexively headbutt those who attack you in melee.
You have a pair of horns on your head.


Message History

The kobold throws a stone.
The stone barely misses you.
The kobold throws a stone.
The stone misses you. The dart slug launches a dart at you.
The slug dart hits you! The dart slug launches a dart at you.
The slug dart hits you!
* * * LOW HITPOINT WARNING * * *
You hit the dart slug.
The dart slug is heavily wounded.
The dart slug launches a dart at you. The slug dart hits you!
* * * LOW HITPOINT WARNING * * *
The dart slug barely misses you.
You hit the dart slug but do no damage.
The dart slug is heavily wounded.
The dart slug closely misses you.
You hit the dart slug. You headbutt the dart slug.
The dart slug is almost dead.
The dart slug bites you.
You die...

......#...............+
........#..(..†.........#
...##### #.##............#
.........#.##........>...#
##....##.##.#....###.....##
......#........#####.#.#.#
.............(...........#
##....#..###.....# #######
......#....#...#@# .......
##..#.#.##.#...#w##....w..
....#.#.........K.#.......
##................'.......
....###.##.....####.......
.....##.##.#.....†........
##..###.##.#..####(.......
##..# #.##.......(........
##... #.......####..!.....


You could see a dart slug and a kobold.

Vanquished Creatures
  A dart slug (D:1)
  A leopard gecko (D:1)
  3 giant cockroaches (D:1)
  3 hobgoblins (D:1)
  3 frilled lizards (D:1)
  3 kobolds (D:1)
  A rat (D:1)
15 creatures vanquished.

Notes
Turn   | Place    | Note
-------+----------+-------------------------------------------
     0 | D:1      | Peterchen the Minotaur Berserker began the quest for the Orb.
     0 | D:1      | Reached XP level 1. HP: 19/19 MP: 0/0
    17 | D:1      | Reached skill level 4 in Axes
    48 | D:1      | Reached XP level 2. HP: 22/26 MP: 1/1
   166 | D:1      | Slain by a dart slug

Vault maps used:
D:1:      lightli_arrival_flooded_house

Skill      XL: |  1 |
---------------+----+-----
Axes           | 4 |  4.7
Fighting       | |  3.6
Armour         | |  2.4
Dodging        | |  2.1

Action                   || total
-------------------------++-------
Melee: Hand axe          ||    30
       Headbutt          ||     2
Invok: Berserk           ||     2
Armor: Animal skin       ||     6
Dodge: Dodged            ||    26

Table legend:
 A = Spawn XP
 B = Non-spawn XP
 C = Spawn XP percentage of total XP
 D = Spawn monster count
 E = Non-spawn monster count
 F = Spawn count percentage of total count
 G = Total turns spent on level
                    A         B        C        D         E        F      G
               +---------+---------+-------+---------+---------+-------+---------
         Total |       0 |      27 |   0.0 |       0 |      15 |   0.0 |   166
               +---------+---------+-------+---------+---------+-------+---------
           D:1 |       0 |      27 |   0.0 |       0 |      15 |   0.0 |   166
               +---------+---------+-------+---------+---------+-------+---------
